[Event "Titled Tuesday Blitz February 28 Early 2023"]
[White "Alahakoon, Isuru"]
[Black "Kavutskiy, Konstantin"]
[WhiteFideId "9900993"]
[BlackFideId "2026384"]
[WhiteElo "1995"]
[BlackElo "2369"]
[Result "1-0"]
[Round "05"]
[TimeControl "180+2"]
[Date "2023.02.28"]
[WhiteClock "0:00:11"]
[BlackClock "0:00:20"]

1. Nf3 Nf6 2. d4 g6 3. Nc3 d5 4. Bf4 Bg7 5. Nb5 Na6 6. e3 O-O 7. h4 h5 8. Be2 c6 9. Nc3 Nc7 10. Ne5 Nce8 11. f3 Nd6 12. Qd2 Bf5 13. O-O-O Qa5 14. Kb1 Rfc8 15. g4 Be6 16. gxh5 Nxh5 17. Bh2 b5 18. Bd3 Nc4 19. Bxc4 bxc4 20. e4 Rab8 21. Nxc6 Rxb2+ 22. Kxb2 Rxc6 23. Ka1 Ra6 24. Rb1 Kh7 25. Rb2 Bh6 26. Qe1 dxe4 27. Nxe4 c3 28. Qxc3 Qd5 29. Ng5+ Bxg5 30. hxg5 Rxa2+ 31. Kb1 Ra4 32. Be5 Rc4 33. Qd3 Kg8 34. Qe4 Qd7 35. Rb8+ Rc8 36. Qa8 Ba2+ 37. Kc1 Be6 38. Rxc8+ Qxc8 39. Qxc8+ Bxc8 40. Kd2 Bb7 41. Rb1 1-0


[Site "https://www.chess.com"]

[Event "Titled Tuesday Blitz February 28 Early 2023"]
[White "Bettalli, Francesco"]
[Black "Prudnykova, Olga"]
[WhiteFideId "2816453"]
[BlackFideId "14121093"]
[WhiteElo "2216"]
[BlackElo "2174"]
[Result "0-1"]
[Round "05"]
[TimeControl "180+2"]
[Date "2023.02.28"]
[WhiteClock "0:01:20"]
[BlackClock "0:00:52"]

1. d4 Nf6 2. Nc3 d5 3. Bf4 g6 4. e3 Bg7 5. Be2 O-O 6. h4 h5 7. Nf3 c5 8. Ne5 cxd4 9. exd4 Nc6 10. Bf3 Ne4 11. Nxe4 dxe4 12. Nxc6 bxc6 13. Bxe4 Ba6 14. c3 Rc8 15. Qa4 Qb6 16. Qb3 Qa5 17. Bd2 e5 18. O-O-O exd4 19. cxd4 Qc7 20. Bc3 Qf4+ 21. Kb1 Qxe4+ 22. Ka1 Qd5 23. Qa3 Be2 24. Rde1 Bg4 25. f3 Be6 26. Rhg1 c5 27. dxc5 Bxc3 28. bxc3 Qxc5 0-1


[Site "https://www.chess.com"]

[Event "Titled Tuesday Blitz February 28 Early 2023"]
[White "Skaric, Djuro"]
[Black "Omelja, Artem"]
[WhiteFideId "934569"]
[BlackFideId "14119846"]
[WhiteElo "2282"]
[BlackElo "2404"]
[Result "1-0"]
[Round "05"]
[TimeControl "180+2"]
[Date "2023.02.28"]
[WhiteClock "0:01:54"]
[BlackClock "0:00:02"]

1. g3 d5 2. Bg2 c5 3. d3 Nc6 4. Nf3 e5 5. O-O Nf6 6. Nc3 Be7 7. e4 d4 8. Ne2 O-O 9. h3 Ne8 10. Ne1 Nd6 11. f4 f6 12. f5 Bd7 13. g4 b5 14. Rf2 c4 15. Bf1 a5 16. Ng3 Be8 17. Rg2 Kh8 18. Nh1 Rb8 19. h4 b4 20. Nf2 a4 21. dxc4 b3 22. cxb3 axb3 23. a3 Na5 24. g5 Naxc4 25. g6 Ne3 26. Qh5 h6 27. Bxe3 dxe3 28. Ng4 e2 29. Bxe2 Qb6+ 30. Kh1 Nxf5 31. exf5 Bc6 32. Nxh6 Bxg2+ 33. Nxg2 Qe3 34. Nf7+ Kg8 35. Qh7# 1-0


[Site "https://www.chess.com"]

[Event "Titled Tuesday Blitz February 28 Early 2023"]
[White "Delgado Rosas, Fatima Alexandra"]
[Black "Rodriguez Fontecha, Marcos"]
[WhiteFideId "6603963"]
[BlackFideId "2256576"]
[WhiteElo "2320"]
[BlackElo "2263"]
[Result "1-0"]
[Round "05"]
[TimeControl "180+2"]
[Date "2023.02.28"]
[WhiteClock "0:01:03"]
[BlackClock "0:00:17"]

1. d4 d5 2. c4 Nc6 3. Nf3 e5 4. cxd5 Qxd5 5. Nc3 Bb4 6. e3 exd4 7. exd4 Nf6 8. Bd3 O-O 9. O-O Bxc3 10. bxc3 Bg4 11. h3 Bxf3 12. Qxf3 Qxf3 13. gxf3 Rad8 14. Be4 Nd5 15. c4 Ndb4 16. Ba3 Rfe8 17. Rab1 a5 18. Bxb4 Nxb4 19. a3 Na2 20. Rxb7 Rxd4 21. Rxc7 Nc3 22. Re1 Kf8 23. Kg2 f5 24. Re3 Nd1 25. Rb3 fxe4 26. Rbb7 exf3+ 27. Kxf3 Rd3+ 28. Kg2 Ra8 29. Rf7+ Ke8 30. Rxg7 Kf8 31. Rxh7 Kg8 32. Rhg7+ Kh8 33. Rh7+ Kg8 34. Rbg7+ Kf8 35. c5 Nc3 36. c6 Nb5 37. Rb7 Nxa3 38. Rh8# 1-0


[Site "https://www.chess.com"]

[Event "Titled Tuesday Blitz February 28 Early 2023"]
[White "Vifleemskaia, Svetlana"]
[Black "Fieberg, Samuel"]
[WhiteFideId "4129490"]
[BlackFideId "12901717"]
[WhiteElo "1930"]
[BlackElo "2466"]
[Result "1/2-1/2"]
[Round "05"]
[TimeControl "180+2"]
[Date "2023.02.28"]
[WhiteClock "0:01:38"]
[BlackClock "0:01:10"]

1. d4 e6 2. c4 d5 3. Nc3 c5 4. cxd5 exd5 5. Nf3 Nf6 6. g3 Nc6 7. Bg2 Be7 8. O-O O-O 9. dxc5 Bxc5 10. a3 a5 11. Na4 Ba7 12. Bg5 Be6 13. Rc1 h6 14. Bf4 Ne4 15. Ne5 Rc8 16. Nxc6 bxc6 17. Bxe4 dxe4 18. Qxd8 Rfxd8 19. Nc5 Bd5 20. b4 axb4 21. axb4 Bb6 22. Ra1 Ra8 23. Rfc1 f6 24. h4 Kf7 25. Kf1 g5 26. hxg5 hxg5 27. Be3 Rh8 28. Ke1 Kg6 29. Kd2 f5 30. Bd4 Rhd8 31. e3 f4 32. gxf4 gxf4 33. Rxa8 Rxa8 34. exf4 Kf5 35. Be3 Ra2+ 36. Rc2 Rxc2+ 37. Kxc2 Bxc5 38. bxc5 Ke6 1/2-1/2


[Site "https://www.chess.com"]

[Event "Titled Tuesday Blitz February 28 Early 2023"]
[White "Buscar, Michael"]
[Black "Abdilkhair, Abilmansur"]
[WhiteFideId "2603616"]
[BlackFideId "13716417"]
[WhiteElo "2010"]
[BlackElo "2216"]
[Result "1-0"]
[Round "05"]
[TimeControl "180+2"]
[Date "2023.02.28"]
[WhiteClock "0:00:19"]
[BlackClock "0:00:03"]

1. Nf3 Nf6 2. g3 e6 3. Bg2 d5 4. O-O c6 5. c4 Be7 6. b3 O-O 7. Bb2 b6 8. cxd5 cxd5 9. d3 Nc6 10. Ne5 Bb7 11. Nd2 Nxe5 12. Bxe5 Nd7 13. Bb2 Bf6 14. Qb1 Rc8 15. Rc1 Qe7 16. Nf1 Rxc1 17. Qxc1 Rc8 18. Qd2 Bxb2 19. Qxb2 Qc5 20. Ne3 h5 21. h4 Rc7 22. Bf3 d4 23. Ng2 Bxf3 24. exf3 Ne5 25. Qe2 Qd5 26. Ne1 Rc3 27. Rd1 Nc6 28. Qe4 Qxe4 29. fxe4 Nb4 30. Rd2 Rc1 31. Kf1 Ra1 32. a4 Rb1 33. Ke2 Rxb3 34. Nf3 Nc6 35. Rc2 Rc3 36. Rxc3 dxc3 37. d4 Nb4 38. Ne5 a6 39. Nd3 Nc6 40. d5 exd5 41. exd5 Nd4+ 42. Ke3 c2 43. Kxd4 Kf8 44. Kc3 Ke7 45. Kxc2 Kd6 46. Nf4 g6 47. Kc3 Kc5 48. Kb3 b5 49. axb5 axb5 50. Kc3 Kd6 51. Kb4 Ke5 52. Kxb5 Kd6 53. Kc4 Ke5 54. Kc5 Kf6 55. d6 Kf5 56. Kc6 Kg4 57. d7 Kf3 58. Nd3 Ke2 59. d8=Q f5 60. Qd4 g5 61. Qe3+ Kf1 62. hxg5 h4 63. f4 Kg2 64. gxh4 Kh2 65. h5 Kg2 66. h6 Kh2 67. g6 Kg2 68. h7 Kf1 69. g7 Kg2 70. g8=Q+ Kf1 71. Qgg1# 1-0


[Site "https://www.chess.com"]

[Event "Titled Tuesday Blitz February 28 Early 2023"]
[White "Mazurkiewicz, Michal"]
[Black "Kaufman, Raymond"]
[WhiteFideId "1124943"]
[BlackFideId "2015056"]
[WhiteElo "2054"]
[BlackElo "2321"]
[Result "1-0"]
[Round "05"]
[TimeControl "180+2"]
[Date "2023.02.28"]
[WhiteClock "0:01:33"]
[BlackClock "0:00:16"]

1. e4 e5 2. Nf3 Nc6 3. d3 Bc5 4. g3 d6 5. Bg2 f5 6. O-O fxe4 7. dxe4 Nf6 8. c3 O-O 9. b4 Bb6 10. a4 a5 11. b5 Ne7 12. Qb3+ Kh8 13. Ng5 Qe8 14. Ne6 Bxe6 15. Qxe6 Ng6 16. Qxe8 Raxe8 17. Nd2 Rf7 18. Nc4 Bc5 19. Nxa5 Ng4 20. Nxb7 Bxf2+ 21. Kh1 Ref8 22. h3 Nh6 23. Kh2 Bxg3+ 24. Kxg3 Rxf1 25. Bxf1 Rxf1 26. a5 Ne7 27. Nd8 Nhg8 28. Bg5 Rxa1 29. Nf7# 1-0


[Site "https://www.chess.com"]

[Event "Titled Tuesday Blitz February 28 Early 2023"]
[White "De Souza, Cristiano Gomes"]
[Black "Chernomordik, Pavel"]
[WhiteFideId "2151758"]
[BlackFideId "2804530"]
[WhiteElo "2068"]
[BlackElo "2193"]
[Result "0-1"]
[Round "05"]
[TimeControl "180+2"]
[Date "2023.02.28"]
[WhiteClock "0:00:21"]
[BlackClock "0:00:52"]

1. d4 g6 2. c4 Bg7 3. Nf3 d6 4. Nc3 Nc6 5. h3 e5 6. d5 Nce7 7. e4 h6 8. Bd3 f5 9. Nd2 Nf6 10. O-O O-O 11. f3 Nh5 12. Nb3 Nf4 13. Bxf4 exf4 14. Qc2 Be5 15. Rae1 Kh8 16. exf5 gxf5 17. Nb5 Ng6 18. N5d4 Qf6 19. Nb5 Qg7 20. Re2 a6 21. Na3 Nh4 22. c5 Rg8 23. Kh1 Bd7 24. Nc4 Rae8 25. Rfe1 Bb5 26. Nxe5 dxe5 27. Bxb5 axb5 28. Qc3 Nxg2 29. Rg1 Qg3 30. Rexg2 Qxh3+ 31. Rh2 Rxg1+ 32. Kxg1 Rg8+ 33. Kf2 Qxh2+ 34. Ke1 Rg1# 0-1


[Site "https://www.chess.com"]

[Event "Titled Tuesday Blitz February 28 Early 2023"]
[White "Kochetov, Andrey"]
[Black "Kuchava, Ana"]
[WhiteFideId "24130532"]
[BlackFideId "13605348"]
[WhiteElo "2438"]
[BlackElo "2001"]
[Result "1-0"]
[Round "05"]
[TimeControl "180+2"]
[Date "2023.02.28"]
[WhiteClock "0:00:05"]
[BlackClock "0:00:02"]

1. e4 c5 2. Nf3 d6 3. d4 cxd4 4. Nxd4 Nf6 5. f3 Nc6 6. c4 g6 7. Nc3 Bg7 8. Be3 O-O 9. Be2 a6 10. Nc2 Qc7 11. O-O Bd7 12. Rc1 Rac8 13. Qd2 Be6 14. b3 Nd7 15. Rfd1 Qa5 16. b4 Qe5 17. Nd5 Bxd5 18. exd5 Ncb8 19. f4 Qc3 20. Qxc3 Bxc3 21. a4 Nf6 22. Rd3 Rxc4 23. Na3 Rxb4 24. Rcxc3 Rxa4 25. Bf3 Nbd7 26. Rc7 b5 27. g4 Rd8 28. g5 Ne8 29. Rc6 b4 30. Nc4 Ra1+ 31. Kg2 a5 32. Nb6 Nxb6 33. Bxb6 Ra8 34. Rb3 Ra2+ 35. Kg3 Ng7 36. Bg4 h6 37. h4 hxg5 38. hxg5 Nf5+ 39. Bxf5 gxf5 40. Bd4 Rc2 41. Rxc2 1-0


[Site "https://www.chess.com"]

[Event "Titled Tuesday Blitz February 28 Early 2023"]
[White "Chernov, Mikhail"]
[Black "Kiseleva, Arina"]
[WhiteFideId "24143170"]
[BlackFideId "4164989"]
[WhiteElo "2113"]
[BlackElo "1756"]
[Result "1-0"]
[Round "05"]
[TimeControl "180+2"]
[Date "2023.02.28"]
[WhiteClock "0:00:32"]
[BlackClock "0:00:20"]

1. e4 c6 2. d4 d5 3. e5 Bf5 4. h4 h5 5. c4 e6 6. Nc3 Bb4 7. Bg5 Ne7 8. Ne2 dxc4 9. Ng3 b5 10. Nxf5 exf5 11. Be2 Qa5 12. Rh3 Nd5 13. Bd2 Nxc3 14. bxc3 Be7 15. Bxh5 g6 16. Bf3 Rxh4 17. Rxh4 Bxh4 18. a4 b4 19. cxb4 Qb6 20. Bc3 Nd7 21. b5 Rc8 22. Bxc6 Kd8 23. Qd2 Qc7 24. Ke2 Be7 25. Rh1 Nf8 26. Ba5 1-0


[Site "https://www.chess.com"]

[Event "Titled Tuesday Blitz February 28 Early 2023"]
[White "Mohammed, Zozek Salah Mohammed"]
[Black "Fabris, Alberto"]
[WhiteFideId "4803361"]
[BlackFideId "801348"]
[WhiteElo "2211"]
[BlackElo "2132"]
[Result "1/2-1/2"]
[Round "05"]
[TimeControl "180+2"]
[Date "2023.02.28"]
[WhiteClock "0:00:45"]
[BlackClock "0:00:06"]

1. d4 Nf6 2. Nf3 e6 3. g3 b6 4. Bg2 Bb7 5. O-O Be7 6. c4 O-O 7. Nc3 d5 8. Bf4 Nbd7 9. Rc1 c5 10. cxd5 Nxd5 11. Nxd5 Bxd5 12. Ne5 Bxg2 13. Kxg2 Nxe5 14. Bxe5 cxd4 15. Bxd4 Bf6 16. Bxf6 Qxf6 17. Qb3 Rac8 18. Rfd1 Rfd8 19. Rxc8 Rxc8 20. Qd3 h6 21. b4 Qe5 22. Rd2 Qc3 23. b5 Qxd3 24. Rxd3 Rc5 25. a4 Rc7 26. Rd8+ Kh7 27. Ra8 Kg6 28. e4 e5 29. f4 exf4 30. gxf4 Kf6 31. Kf3 g5 32. Ke3 gxf4+ 33. Kxf4 Ke6 34. Rh8 Rc4 35. Rxh6+ f6 36. Rh7 Rxa4 37. h4 Ra5 38. Rc7 Rxb5 39. Rxa7 Rb1 40. Rb7 Rf1+ 41. Ke3 Rb1 42. h5 Re1+ 43. Kd3 Rd1+ 44. Ke2 Rh1 45. Rxb6+ Ke5 46. Kf3 Rh3+ 47. Kg4 Rh1 48. Rb4 Rg1+ 49. Kf3 Rh1 50. Rb5+ Ke6 51. Rf5 Rh3+ 52. Kf4 Rh4+ 53. Ke3 Rh3+ 54. Kd4 Rh1 55. Ra5 Rd1+ 56. Ke3 Re1+ 57. Kf3 Rf1+ 58. Ke2 Rh1 59. Kf2 Rh2+ 60. Kg3 Rh1 61. Kg2 Rh4 62. Kf3 Rh3+ 63. Kg4 Rh1 64. Ra6+ Ke5 65. Ra4 Rg1+ 66. Kf3 Rh1 67. Ke2 Kf4 68. Kd3 Rxh5 69. Ra6 Rh3+ 70. Kd4 Kg5 71. Ra5+ Kg6 72. Ra2 Rh4 73. Kd5 Rh5+ 74. Kd6 Re5 75. Re2 Kg5 76. Rg2+ Kf4 77. Rf2+ Kxe4 78. Rxf6 Rf5 79. Re6+ Kf4 80. Rh6 Rg5 81. Ke6 Ke4 82. Rh4+ Kf3 83. Kf6 Rg4 84. Rh5 Kf4 85. Rf5+ Ke4 86. Ra5 Ke3 87. Kf5 Rb4 88. Ra3+ Kd4 89. Kf4 Kd5+ 90. Kf5 Kd4 91. Rf3 Kd5 92. Rf4 Rxf4+ 93. Kxf4 1/2-1/2


[Site "https://www.chess.com"]

[Event "Titled Tuesday Blitz February 28 Early 2023"]
[White "Fernandez Garcia, Gumersindo"]
[Black "Wagh Suyog"]
[WhiteFideId "24516740"]
[BlackFideId "25071688"]
[WhiteElo "2093"]
[BlackElo "2288"]
[Result "0-1"]
[Round "05"]
[TimeControl "180+2"]
[Date "2023.02.28"]
[WhiteClock "0:00:02"]
[BlackClock "0:00:17"]

1. e4 c6 2. c4 d5 3. cxd5 cxd5 4. exd5 Nf6 5. Nc3 Nxd5 6. Nf3 Nc6 7. d4 e6 8. Bb5 Be7 9. O-O O-O 10. Qe2 Bd7 11. Rd1 Bf6 12. Ne4 Qb6 13. Nxf6+ Nxf6 14. Be3 Nd5 15. a3 Rac8 16. Bd3 a6 17. Rac1 Nce7 18. b4 Bb5 19. Ne5 Nc3 20. Qh5 g6 21. Qh4 Nxd1 22. Rxd1 Nd5 23. Be4 Nc3 24. Re1 Nxe4 25. Qxe4 Qd6 26. Qh4 f6 27. Ng4 Qe7 28. Bh6 Rf7 29. h3 Bc6 30. Ne3 Qd7 31. Ng4 Qe7 32. Ne3 Rd8 33. Qf4 Qd6 34. Qh4 Qxd4 35. Qg3 Qc3 36. Rf1 Qxa3 37. Bf4 e5 38. Bh6 Qxb4 39. h4 a5 40. h5 g5 41. Bxg5 Rg7 42. Qh3 fxg5 43. Qe6+ Rf7 44. Ng4 Qe7 45. Nh6+ Kg7 46. Qxf7+ Qxf7 47. Nxf7 Kxf7 0-1


[Site "https://www.chess.com"]

[Event "Titled Tuesday Blitz February 28 Early 2023"]
[White "Cheng, Xiao"]
[Black "Shuvalova, Polina"]
[WhiteFideId "2022915"]
[BlackFideId "24171760"]
[WhiteElo "2352"]
[BlackElo "2330"]
[Result "1-0"]
[Round "05"]
[TimeControl "180+2"]
[Date "2023.02.28"]
[WhiteClock "0:00:29"]
[BlackClock "0:00:04"]

1. e4 c6 2. d4 d5 3. exd5 cxd5 4. Bd3 Nc6 5. c3 Nf6 6. Nf3 Bg4 7. O-O e6 8. Nbd2 Bd6 9. Re1 O-O 10. Qb3 Qc7 11. h3 Bf5 12. Bxf5 exf5 13. Nf1 f4 14. N1h2 Rae8 15. Bd2 Re4 16. Ng4 Nxg4 17. hxg4 Ne7 18. Ng5 Rxe1+ 19. Rxe1 h6 20. Nf3 Rd8 21. Ne5 g5 22. Re2 Bxe5 23. Rxe5 Qd7 24. f3 Nc6 25. Re2 Kg7 26. Qd1 Re8 27. Qe1 Rxe2 28. Qxe2 Na5 29. b3 Nc6 30. Bc1 a6 31. Bb2 f6 32. Kf2 b5 33. Ba3 Kf7 34. Bc5 Qe6 35. Qxe6+ Kxe6 36. Bf8 Kf7 37. Bc5 Ke6 38. Ke2 f5 39. Kd3 fxg4 40. fxg4 Nd8 41. c4 dxc4+ 42. bxc4 Nf7 43. d5+ Ke5 44. Bf8 bxc4+ 45. Kxc4 Ke4 46. d6 Ne5+ 47. Kc3 f3 48. gxf3+ Kxf3 49. Bxh6 Kxg4 50. Kd4 Nf7 51. Bf8 Kf4 52. d7 g4 53. Be7 g3 54. Bd6+ Kf3 55. Kd5 g2 56. Bc5 Ke2 57. Ke6 Nd8+ 58. Ke7 Nb7 59. d8=Q Nxd8 60. Kxd8 Kf1 61. Kc7 g1=Q 62. Bxg1 Kxg1 63. Kb6 Kf2 64. Kxa6 Ke3 65. Kb6 Kd4 66. a4 Kd5 67. a5 1-0


[Site "https://www.chess.com"]

[Event "Titled Tuesday Blitz February 28 Early 2023"]
[White "Sourath Biswas"]
[Black "Tiarks, Jann-Christian"]
[WhiteFideId "35091484"]
[BlackFideId "12951595"]
[WhiteElo "2164"]
[BlackElo "2194"]
[Result "1-0"]
[Round "05"]
[TimeControl "180+2"]
[Date "2023.02.28"]
[WhiteClock "0:00:05"]
[BlackClock "0:00:02"]

1. d4 c5 2. Bf4 cxd4 3. Qxd4 Nc6 4. Qd2 e5 5. Bg3 d5 6. e3 Nf6 7. Bd3 Bd6 8. Ne2 O-O 9. O-O Be6 10. c3 Qe7 11. Qc2 Rac8 12. Bf5 Nb4 13. Qa4 Bxf5 14. cxb4 Bxb4 15. Bxe5 Bd3 16. Bxf6 gxf6 17. Nbc3 Bxc3 18. Nxc3 Bxf1 19. Rxf1 Rfd8 20. Nxd5 Rxd5 21. Qg4+ Rg5 22. Qxc8+ Kg7 23. h4 Rg6 24. g3 Qe4 25. Qc7 h5 26. Qf4 Qe6 27. Qd4 Qxa2 28. b4 a6 29. Rc1 Rg4 30. Qd7 Rxb4 31. Rc7 b5 32. Kg2 Rb2 33. Qf5 b4 34. Rc6 Rd2 35. Qxf6+ Kh7 36. Qf5+ Kg7 37. Qg5+ Kf8 38. Rc8+ 1-0


[Site "https://www.chess.com"]

[Event "Titled Tuesday Blitz February 28 Early 2023"]
[White "Manon-og, Ramon Jr."]
[Black "Thorhallsson, Simon"]
[WhiteFideId "5200776"]
[BlackFideId "2310090"]
[WhiteElo "2341"]
[BlackElo "2108"]
[Result "0-1"]
[Round "05"]
[TimeControl "180+2"]
[Date "2023.02.28"]
[WhiteClock "0:00:05"]
[BlackClock "0:00:06"]

1. e4 c5 2. Nf3 e6 3. d4 cxd4 4. Nxd4 a6 5. Bd3 Bc5 6. Be3 Qb6 7. c3 Nc6 8. O-O Nxd4 9. b4 Ne2+ 10. Qxe2 Bxe3 11. fxe3 Ne7 12. Nd2 O-O 13. Nc4 Qc7 14. e5 b5 15. Nd6 Qxc3 16. Be4 Rb8 17. Qh5 Ng6 18. Rac1 Qxe3+ 19. Kh1 f5 20. exf6 Rxf6 21. Rfe1 Qd4 22. Nxc8 Qxb4 23. h3 Qf8 24. Na7 a5 25. Nxb5 d5 26. Bxg6 hxg6 27. Qe2 Qb4 28. Nc7 Rbf8 29. Nxe6 Rf2 30. Qg4 Qxg4 31. hxg4 Re8 32. Ng5 Rxe1+ 33. Rxe1 Kf8 34. Rc1 Rxa2 35. Ne6+ Ke7 36. Nc7 d4 37. Nb5 d3 38. Rd1 d2 39. Kh2 a4 40. Nc3 Rc2 41. Nxa4 Kd6 42. Nc3 Rxc3 43. Rxd2+ Ke7 44. g3 Kf6 45. Kh3 Rc5 46. Rd6+ Kg5 47. Rd7 Kf6 48. Ra7 Rb5 49. Ra6+ Kg5 50. Ra7 Kf6 51. Kh4 g5+ 52. Kh3 Rb6 53. Rc7 Re6 54. Rc5 Kg6 55. Ra5 Rf6 56. Ra4 Re6 57. Ra8 Rd6 58. Rh8 Rc6 59. Re8 Rc1 60. Re6+ Kf7 61. Re5 Kf6 62. Rf5+ Kg6 63. Ra5 Rh1+ 64. Kg2 Rb1 65. Ra6+ Kf7 66. Kh3 Rb2 67. Rb6 Rxb6 0-1


[Site "https://www.chess.com"]

[Event "Titled Tuesday Blitz February 28 Early 2023"]
[White "Ljukin, Sergei"]
[Black "Matveeva, Olga"]
[WhiteFideId "14102200"]
[BlackFideId "24107018"]
[WhiteElo "2312"]
[BlackElo "2056"]
[Result "0-1"]
[Round "05"]
[TimeControl "180+2"]
[Date "2023.02.28"]
[WhiteClock "0:00:08"]
[BlackClock "0:01:25"]

1. e4 e6 2. d4 d5 3. Nc3 Nf6 4. Bg5 Bb4 5. e5 h6 6. Bd2 Bxc3 7. bxc3 Ne4 8. Qg4 Kf8 9. Bd3 Nxd2 10. Kxd2 c5 11. Nf3 c4 12. Be2 Bd7 13. h4 b5 14. a3 a5 15. h5 Nc6 16. Rhb1 Rb8 17. Nh4 Qg5+ 18. f4 Qxg4 19. Bxg4 Ke7 20. f5 b4 21. axb4 axb4 22. Rf1 Ra8 23. fxe6 Bxe6 24. Bxe6 Kxe6 25. Nf5 Rxa1 26. Nxg7+ Kd7 27. Rxa1 Rg8 28. Nf5 Rxg2+ 29. Ke3 b3 30. cxb3 cxb3 31. Nxh6 b2 32. Rb1 Na5 33. Nf5 Nc4+ 34. Kf3 Rc2 35. h6 Rxc3+ 36. Kg2 Rc2+ 37. Kg3 Rc1 38. h7 Rxb1 39. h8=Q Rg1+ 40. Kf2 b1=Q 0-1


[Site "https://www.chess.com"]

[Event "Titled Tuesday Blitz February 28 Early 2023"]
[White "Ibadov, Dashgyn"]
[Black "Begunov, Konstantin"]
[WhiteFideId "24107514"]
[BlackFideId "4118510"]
[WhiteElo "2208"]
[BlackElo "2118"]
[Result "0-1"]
[Round "05"]
[TimeControl "180+2"]
[Date "2023.02.28"]
[WhiteClock "0:00:01"]
[BlackClock "0:00:13"]

1. e4 c5 2. Nf3 d6 3. d4 cxd4 4. Nxd4 Nf6 5. Nc3 a6 6. h3 e6 7. g4 b5 8. g5 b4 9. gxf6 bxc3 10. fxg7 Bxg7 11. bxc3 Qc7 12. Rg1 Qxc3+ 13. Bd2 Qxd4 14. Rb1 Bf6 15. Bd3 Nd7 16. Rb4 Qc5 17. Rc4 Qa7 18. Be3 Nc5 19. Kd2 Bd7 20. Qh5 Rc8 21. Qh6 Be7 22. e5 Bb5 23. Qg7 Rf8 24. exd6 Bxd6 25. Rd4 Be7 26. Bxh7 Qc7 27. c4 Qa5+ 28. Ke2 Bc6 29. Rd2 Ne4 30. Bxe4 Bxe4 31. Qd4 Bc6 32. Qa7 Bb4 33. Bg5 Ra8 34. Qd4 Bxd2 35. Bxd2 Rd8 36. Qf4 Qc5 37. Be3 Qd6 0-1


[Site "https://www.chess.com"]

[Event "Titled Tuesday Blitz February 28 Early 2023"]
[White "Romero Barreto, Jaime Jose"]
[Black "Qashashvili, Alexandre"]
[WhiteFideId "3902498"]
[BlackFideId "13600842"]
[WhiteElo "2313"]
[BlackElo "2405"]
[Result "1-0"]
[Round "05"]
[TimeControl "180+2"]
[Date "2023.02.28"]
[WhiteClock "0:01:12"]
[BlackClock "0:00:14"]

1. e4 c6 2. d4 d5 3. Nc3 dxe4 4. Nxe4 Nd7 5. Bd3 Ngf6 6. c3 Nxe4 7. Bxe4 Nf6 8. Bc2 Bg4 9. f3 Bh5 10. Ne2 Bg6 11. Nf4 Bxc2 12. Qxc2 e6 13. Bd2 Bd6 14. Nd3 Qc7 15. O-O-O O-O-O 16. Kb1 Nd5 17. g3 h6 18. c4 Nf6 19. Bc3 Nd7 20. f4 f6 21. Rhe1 Rhe8 22. Re2 c5 23. Rde1 cxd4 24. Bxd4 Nc5 25. Bxc5 Bxc5 26. Rxe6 Rxe6 27. Rxe6 Bd4 28. a3 Qd7 29. Re2 Re8 30. Nb4 Rxe2 31. Qxe2 g5 32. fxg5 hxg5 33. Nd5 Be5 34. Qh5 b5 35. Qe2 a6 36. Nb6+ 1-0


[Site "https://www.chess.com"]

[Event "Titled Tuesday Blitz February 28 Early 2023"]
[White "Sarkar, Justin"]
[Black "Baches Garcia, Guillermo"]
[WhiteFideId "2010011"]
[BlackFideId "2209764"]
[WhiteElo "2189"]
[BlackElo "2495"]
[Result "1-0"]
[Round "05"]
[TimeControl "180+2"]
[Date "2023.02.28"]
[WhiteClock "0:00:08"]
[BlackClock "0:00:05"]

1. d4 Nf6 2. c4 e6 3. Nf3 d5 4. Nc3 c5 5. cxd5 Nxd5 6. g3 Nxc3 7. bxc3 cxd4 8. cxd4 Bb4+ 9. Bd2 Bxd2+ 10. Qxd2 b6 11. Bg2 Bb7 12. O-O O-O 13. a4 Nd7 14. a5 Rc8 15. axb6 axb6 16. e3 Ra8 17. Rfc1 Rxa1 18. Rxa1 Qc7 19. Qb4 Ra8 20. Rxa8+ Bxa8 21. Ne1 Bxg2 22. Kxg2 Nf6 23. Nd3 h5 24. Ne5 h4 25. gxh4 Nd5 26. Qb5 f6 27. Qe8+ Kh7 28. Qh5+ Kg8 29. Qe8+ Kh7 30. Qxe6 Nxe3+ 31. fxe3 fxe5 32. dxe5 b5 33. Qf5+ Kg8 34. e6 Qb7+ 35. e4 b4 36. Qe5 Kf8 37. Qc5+ Ke8 38. Qh5+ Kf8 39. Qh8+ Ke7 40. Qxg7+ Kxe6 41. Qxb7 1-0


[Site "https://www.chess.com"]

[Event "Titled Tuesday Blitz February 28 Early 2023"]
[White "Nguyen Hong Nhung"]
[Black "Kostiukov, Alexandr"]
[WhiteFideId "12412201"]
[BlackFideId "14108100"]
[WhiteElo "1904"]
[BlackElo "2202"]
[Result "1-0"]
[Round "05"]
[TimeControl "180+2"]
[Date "2023.02.28"]
[WhiteClock "0:01:19"]
[BlackClock "0:00:03"]

1. e4 c5 2. Nc3 g6 3. f4 Bg7 4. Nf3 Nc6 5. Bc4 e6 6. O-O Nge7 7. d3 d5 8. Bb3 O-O 9. Qe1 Nd4 10. Nxd4 cxd4 11. Ne2 dxe4 12. dxe4 d3 13. Nc3 Nc6 14. cxd3 Qxd3 15. Rf3 Qd8 16. e5 Qa5 17. Rd3 Rd8 18. Rxd8+ Qxd8 19. Be3 Qa5 20. Rd1 b5 21. Qh4 b4 22. Ne4 Qc7 23. Nf6+ Bxf6 24. exf6 h5 25. Qg5 Kh7 26. Bc2 Qa5 27. f5 1-0


[Site "https://www.chess.com"]

[Event "Titled Tuesday Blitz February 28 Early 2023"]
[White "Piriflillo"]
[Black "Novikov, Evgenij"]
[BlackFideId "4125380"]
[WhiteElo "2329"]
[BlackElo "2242"]
[Result "1/2-1/2"]
[Round "05"]
[TimeControl "180+2"]
[Date "2023.02.28"]
[WhiteClock "0:00:45"]
[BlackClock "0:00:36"]

1. e4 c5 2. Nc3 e6 3. d4 cxd4 4. Qxd4 Nc6 5. Qe3 d6 6. Bd2 Nf6 7. h3 Be7 8. O-O-O O-O 9. g4 d5 10. exd5 Nxd5 11. Qe1 Bf6 12. Bg2 Qb6 13. Bxd5 exd5 14. Be3 Qa5 15. Kb1 Bxc3 16. Qxc3 Qxc3 17. bxc3 Be6 18. Ne2 Rfd8 19. Nd4 Rac8 20. Nxc6 Rxc6 21. Bd4 a5 22. f4 f6 23. f5 Bf7 24. Rhe1 Kf8 25. Re3 Re8 26. Rde1 Rxe3 27. Rxe3 b5 28. a3 Be8 29. h4 Bd7 30. Rf3 Rc4 31. Rf4 Kf7 32. Kc1 b4 33. cxb4 axb4 34. axb4 Ba4 35. c3 Rc8 36. g5 Re8 37. Kd2 Bb5 38. Rf2 Ra8 39. gxf6 gxf6 40. Ke3 Ra1 41. Kf3 Rh1 42. Kg3 Bd3 43. Bc5 h5 44. Bd4 Rc1 45. Ra2 Bxf5 46. Ra7+ Kg6 47. Ra6 Be4 48. Rxf6+ Kh7 49. Rf7+ Kg6 50. Rf6+ Kh7 51. Kf4 Rh1 52. Rf7+ Kg8 53. Rg7+ Kf8 54. Kg5 Rg1+ 55. Kh6 Rxg7 56. Bxg7+ Kf7 57. Bd4 Bf3 58. b5 Ke6 59. b6 Kd7 60. Kg5 Kc6 61. Kf6 Be4 62. Ke5 Bf3 63. Be3 Kb7 64. Kf4 Be4 65. Kg3 Bd3 66. Kf4 Be4 67. Ke5 Bf3 68. Kd4 Bg2 69. Kc5 Bf3 70. Kb4 Be4 71. Kc5 Bf3 72. Kd6 Be4 73. Ke7 Bf3 74. Kf6 Be4 75. Ke6 Bf3 76. Ke5 Bg2 77. Kf4 Bh1 78. Kg3 Be4 79. Bf2 Bd3 80. Kf4 Be4 81. c4 Bh1 82. c5 Be4 83. Ke3 Bg2 84. Kd4 Bf3 85. Ke5 Bg2 86. Kd6 d4 87. Bxd4 Bf3 88. Kd7 Bc6+ 89. Ke6 Bf3 90. Kf5 Be2 91. Kf4 Bd3 92. Be3 Be2 93. Kg3 Bg4 94. Kf4 Be2 95. Ke5 Bf3 96. Kd4 Bg4 97. Kc4 Bf3 98. Kb5 Be2+ 99. Kb4 Bf3 100. Kc3 Be4 101. Bg1 Bf3 102. Kd4 Bg2 103. Ke5 Bf3 104. Kf4 Be2 105. Kg5 Bf3 106. Kf6 Be4 107. Ke6 Bf3 108. Kd6 Bg2 109. Bd4 Bf3 110. Bf6 Bg2 111. Kd7 Bf3 112. c6+ Bxc6+ 113. Ke6 Kxb6 114. Kf5 Bf3 115. Kg5 Bg4 116. Be5 Kc6 117. Bg3 Kd5 118. Bf4 Ke6 119. Bc1 Kf7 120. Bf4 Ke6 121. Be3 Kd5 122. Bf4 Ke4 123. Bb8 Kf3 124. Bc7 Kg2 125. Bb8 Kh3 126. Bc7 Bd1 127. Bb8 Kg2 128. Bc7 Kf3 129. Bb8 Ke4 130. Bc7 Kd5 131. Bb8 Ke6 132. Bh2 Kd7 133. Bg3 Kc6 134. Bh2 Be2 135. Bg3 Kd5 136. Bh2 Ke4 137. Bb8 Kd5 138. Bc7 Ke6 139. Bh2 Bf3 140. Bg3 Bg4 141. Bh2 Kd7 142. Bg3 Kc6 143. Bh2 Kd5 144. Bg3 Ke4 145. Bb8 Kf3 146. Bc7 Kg2 147. Bb8 Bd1 148. Bc7 Kh3 149. Bb8 Be2 150. Bc7 Kg2 151. Bb8 Kf2 152. Bc7 Ke3 153. Bb8 Ke4 154. Bc7 Kd5 155. Bb8 Kc6 156. Bh2 Kd5 157. Bg3 Ke4 158. Bh2 Kd5 159. Bb8 Ke6 160. Bh2 Kd7 161. Bg3 Kc6 162. Bh2 Bg4 163. Bg1 Kd5 1/2-1/2


[Site "https://www.chess.com"]